 Dungeon Crawl Stone Soup version 0.25-a0-591-g2ad0d861f1 (webtiles) character file.

Game seed: 6303752330152050794, levelgen mode: deterministic

111846 Lugonue the Sharpshooter (level 17, -7/100 HPs)
             Began as a Kobold Arcane Marksman on Mar 12, 2020.
             Was the Champion of Okawaru.
             Mangled by a hornet (10 damage)
             ... created by a shambling mangrove
             ... on level 3 of the Swamp on Mar 13, 2020.
             The game lasted 02:48:47 (40595 turns).

Lugonue the Sharpshooter (Kobold Arcane Marksman)  Turns: 40595, Time: 02:48:47

Health: -7/100     AC: 17    Str: 12    XL:     17   Next: 13%
Magic:  10/31      EV: 16    Int: 21    God:    Okawaru [******]
Gold:   1140       SH:  3    Dex: 20    Spells: 6/36 levels left

rFire    . . .     SeeInvis +   b - +2 arbalest (freeze)
rCold    . . .     Gourm    .   (shield currently unavailable)
rNeg     . . .     Faith    .   k - +0 swamp dragon scales
rPois    +         Spirit   .   d - +0 helmet
rElec    .         Reflect  +   C - +1 cloak
rCorr    .         Harm     .   z - +0 pair of gloves
MR       +....                  g - +0 pair of boots of Snakes and Ladders {Int+5 SInv}
Stlth    ++++......             w - +3 amulet of reflection
HPRegen  0.26/turn              i - +2 ring of protection
MPRegen  0.22/turn              B - +4 ring of dexterity

@: grasped by roots, constricted, studying Ice Magic
A: small, carnivore
a: Heroism, Finesse, Renounce Religion


You were on level 3 of the Swamp.
You worshipped Okawaru.
Okawaru was exalted by your worship.
You were completely stuffed.

You visited 5 branches of the dungeon, and saw 27 of its levels.

You collected 2126 gold pieces.
You spent 986 gold pieces at shops.

Inventory:

Hand Weapons
 a - the +6 rapier of Yvokkauf {pain, rN+}
   (Okawaru gifted it to you on level 1 of the Swamp)

   In the hands of one skilled in necromantic magic, it inflicts extra damage on
   living creatures.
   It protects you from negative energy.
 b - a +2 arbalest of freezing (weapon)
 o - a +3 vampiric rapier
 q - a +2 dagger of venom
 u - a +0 rapier of venom
 y - a +1 shortbow of flaming
 D - a +0 arbalest
 M - a +1 arbalest of flaming
Missiles
 j - 6 boomerangs
 l - 439 arrows
 r - 36 bolts (quivered)
 H - 14 curare-tipped darts
Armour
 d - a +0 helmet (worn)
 g - the +0 pair of boots of Snakes and Ladders (worn) {Int+5 SInv}
   (You found it on level 7 of the Dungeon)

   It affects your intelligence (+5).
   It lets you see invisible.
 k - +0 swamp dragon scales (worn)
 z - a +0 pair of gloves (worn)
 C - a +1 cloak (worn)
 P - the +1 pair of boots of Boiling Hail {Stlth+}
   (Okawaru gifted it to you on level 3 of the Swamp)

   It makes you more stealthy.
Jewellery
 i - a +2 ring of protection (left hand)
 w - a +3 amulet of reflection (around neck)
 B - a +4 ring of dexterity (right hand)
Wands
 h - a wand of iceblast (22)
 m - a wand of enslavement (13)
 n - a wand of flame (46)
 F - a wand of polymorph (12)
Scrolls
 c - 10 scrolls of teleportation
 e - 7 scrolls of remove curse
 t - a scroll of torment
 x - 5 scrolls of magic mapping
 A - 6 scrolls of identify
 J - a scroll of holy word
 N - 3 scrolls of fog
 T - a scroll of amnesia
Potions
 s - 2 potions of lignification
 v - a potion of brilliance
 G - 2 potions of ambrosia
 I - 3 potions of stabbing
 K - a potion of flight
 O - a potion of curing
Books
 p - a manual of Ice Magic
Miscellaneous
 E - a lightning rod (4/4)
 L - a tin of tremorstones
Comestibles
 f - 57 rations


   Skills:
 - Level 9.2 Fighting
 - Level 9.4 Short Blades
 - Level 8.7 Bows
 - Level 18.0 Crossbows
 - Level 6.1 Throwing
 - Level 7.0 Armour
 - Level 8.8 Dodging
 - Level 10.0 Stealth
   Level 0.1 Shields
 - Level 10.0 Spellcasting
 - Level 0.3 Conjurations
 - Level 8.3 Hexes
 - Level 0.2 Charms
 + Level 7.9 Ice Magic
 - Level 7.0 Poison Magic
 - Level 0.4 Invocations
 - Level 1.0 Evocations


You had 6 spell levels left.
You knew the following spells:

 Your Spells              Type           Power        Failure   Level  Hunger
a - Ozocubu's Refrigerat  Ice            #####.....   61%         6    ######.
b - Tukima's Dance        Hex            #####...     1%          3    None
c - Slow                  Hex            #####...     1%          2    None
d - Cause Fear            Hex            #####.....   4%          4    ##.....
e - Ozocubu's Armour      Chrm/Ice       ####....     8%          3    None
f - Ensorcelled Hibernat  Hex/Ice        #####.       1%          2    None
g - Mephitic Cloud        Conj/Pois/Air  ###.....     14%         3    None
h - Olgreb's Toxic Radia  Pois           #####...     7%          4    ##.....
i - Ignite Poison         Fire/Tmut/Pois ###.....     14%         3    None

Your spell library contained the following spells:

 Spells                   Type           Power        Failure   Level  Hunger
 Corona                   Hex            #####..      1%          1    None
 Confusing Touch          Hex            #####...     1%          3    None
 Sting                    Tmut/Pois      ####         3%          1    None
 Poisonous Vapours        Pois/Air       ####..       4%          2    None
 Dazzling Flash           Conj/Hex       ####..       7%          3    None
 Inner Flame              Hex/Fire       ####....     7%          3    None
 Portal Projectile        Hex/Tloc       ####..       7%          3    None
 Spectral Weapon          Hex/Chrm       ####....     7%          3    None
 Spider Form              Tmut/Pois      ####......   9%          3    None
 Foxfire                  Conj/Fire      ##..         12%         1    None
 Infusion                 Chrm           ##..         12%         1    None
 Magic Dart               Conj           ##..         12%         1    None
 Animate Skeleton         Necr           N/A          13%         1    None
 Beastly Appendage        Tmut           ##....       13%         1    None
 Pain                     Necr           ##..         13%         1    None
 Metabolic Englaciation   Hex/Ice        #####.....   13%         5    ####...
 Searing Ray              Conj           ##....       17%         2    None
 Shroud of Golubria       Chrm/Tloc      ##....       19%         2    None
 Song of Slaying          Chrm           ##......     19%         2    None
 Sticks to Snakes         Tmut           ##......     19%         2    None
 Fulminant Prism          Conj/Hex       ####......   22%         4    ##.....
 Leda's Liquefaction      Hex/Erth       ####......   22%         4    ##.....
 Ice Form                 Ice/Tmut       ####....     26%         4    ##.....
 Conjure Flame            Conj/Fire      ##......     36%         3    None
 Static Discharge         Conj/Air       ##......     36%         3    None
 Vampiric Draining        Necr           ##........   36%         3    None
 Animate Dead             Necr           N/A          77%         4    ##.....
 Iskenderun's Mystic Bla  Conj/Tloc      ##......     77%         4    ##.....
 Sticky Flame             Conj/Fire      ##......     77%         4    ##.....
 Agony                    Necr           ##......     98%         5    ####...
 Blade Hands              Tmut           ##........   98%         5    ####...
 Fireball                 Conj/Fire      ##........   98%         5    ####...
 Lightning Bolt           Conj/Air       ##........   98%         5    ####...
 Simulacrum               Ice/Necr       ####......   98%         6    ######.
 Freezing Cloud           Conj/Ice/Air   ###.......   100%        6    ######.
 Ignition                 Fire           ##........   100%        8    #######
 Shatter                  Erth           ##........   100%        9    #######
 Tornado                  Air            ##........   100%        9    #######


Dungeon Overview and Level Annotations

Branches:
Dungeon (15/15)            Temple (1/1) D:6            Lair (6/6) D:11
  Swamp (3/4) Lair:2       Spider (0/4) Lair:4        Slime (0/5) Lair:5
    Orc (2/2) D:9             Elf (0/3) Orc:2        Vaults (0/5) D:14
 Depths (0/5) D:15

Altars:
Ashenzari
Dithmenos
Elyvilon
Fedhas
Kikubaaqudgha
Makhleb
Okawaru
Qazlal
Sif Muna
Uskayaw
Vehumet
Xom
The Shining One
Beogh

Shops:
D:4 *:!=   D:9 (   D:12 }   D:14 ![[?   Orc:2 :?:(

Annotations:
D:13 3 runed translucent doors, Cusualon's ghost, journeyman DrSk
D:15 2 runed translucent doors, exclusion: orange crystal statue
Lair:6 1 runed translucent door, Evashark's ghost, journeyman DrMo


Innate Abilities, Weirdness & Mutations

You are small and have problems with some larger weapons.
You are carnivorous and can eat meat at any time.


Message History

Okay, then.
Evoke which item? (* to show all) (? for menu, Esc to quit)
Okay, then.
Unknown command.
Casting: Ignite Poison (safe; 14% risk of failure)
Confirm with . or Enter, or press ? or * to list all spells.
Okay, then.
Unknown command.
Press: ? - help, v - describe, . - travel, g - get item
Here: a shambling mangrove (heavily damaged)
A bolt.
Some shallow water.
Unknown command.
Okay, then.
You feel better.
The spriggan rider is engulfed in a cloud of scalding steam.
The spriggan rider hits you from afar with a +0 spear!
* * * LOW HITPOINT WARNING * * *
The hornet stings you!
You die...

..♣♣
♣≈......≈..........)♣♣≈♣♣
...♣
.....≈≈≈≈≈≈.≈....≈≈.♣♣♣♣
...♣.≈..≈.≈≈≈≈≈≈≈≈≈≈≈≈..≈♣
♣♣♣♣ ..♣≈≈≈≈≈≈≈≈.≈≈≈≈..♣♣
♣≈≈≈.§≈≈≈.....≈.♣
.≈≈..≈≈≈≈.♣♣♣.≈.♣♣♣♣
.....†≈≈≈..♣♣.≈≈≈.≈♣
♣..○≈y.....≈≈..≈♣
♣♣♣♣($if@.≈≈.....≈♣♣♣
♣.≈§.≈≈≈☼...≈♣...≈..♣
♣≈≈...≈≈.♣♣♣♣♣.≈.≈≈≈♣
♣i≈.≈♣♣...≈♣ ♣♣♣≈..♣♣ ≈≈≈.
♣♣♣♣♣♣ ♣♣♣♣♣ . .


You could see a shambling mangrove, a spriggan rider and a hornet.

Vanquished Creatures
  A thorn hunter (Swamp:2)
  Kirke (Lair:6)
  An orc warlord (Orc:1)
  Louise (D:14)
  5 dire elephants (Lair:6)
  Josephine (D:13)
  An ettin (D:15)
  4 ogre magi (Orc:2)
  5 hydras
  2 catoblepae
  A shambling mangrove (Swamp:3)
  An anaconda (Lair:6)
  4 centaur warriors
  A death knight (D:15)
  A ghost crab (Swamp:2)
  15 alligators
  2 two-headed ogres
  A tengu warrior (D:15)
  Sonja (Lair:6)
  5 spriggans
  A fire crab (shapeshifter) (D:12)
  A deep troll (D:15)
  A swamp dragon (Swamp:3)
  A wizard (D:14)
  3 unseen horrors
  A lindwurm (Lair:6)
  2 orc knights
  Pikel (D:4)
  3 oklob plants (Lair:5)
  3 deep elf magi
  7 orc sorcerers (Orc:2)
  2 ugly things
  A manticore (Lair:4)
  3 black mambas
  13 elephants
  Psyche (D:9)
  A gargoyle (D:11)
  Joseph (D:8)
  16 spiny frogs
  Maggie (D:9)
  5 rime drakes (Lair:4)
  4 komodo dragons
  A kobold demonologist (D:13)
  A freezing wraith (D:14)
  A wolf spider simulacrum (D:14)
  7 tyrant leeches
  3 meliai (D:15)
  6 trolls
  A jumping spider (Lair:4)
  9 hornets
  31 blink frogs
  3 bog bodies
  17 slime creatures
  Sigmund (D:3)
  17 hippogriffs
  A redback (Lair:4)
  A shadow (Swamp:1)
  30 yaks
  A vampire (D:15)
  4 wyverns
  6 wraiths
  9 basilisks
  6 hogs
  A human (D:10)
  3 wargs
  12 vampire mosquitoes
  8 swamp worms
  8 insubstantial wisps (Swamp:1)
  An acid dragon (D:12)
  5 water moccasins
  Duvessa (D:7)
  2 hell hounds (Lair:4)
  14 porcupines
  2 black bears
  20 orc warriors
  8 swamp drakes
  3 phantoms
  2 ice beasts
  A sky beast (D:13)
  An ogre (shapeshifter) (D:13)
  11 ogres
  10 wolves
  10 crocodiles
  17 centaurs
  5 big kobolds
  22 bullfrogs
  2 wyvern zombies
  A gnoll sergeant (D:9)
  Dowan (D:7)
  A wyvern skeleton (D:7)
  9 scorpions
  10 killer bees
  3 electric eels
  7 crimson imps
  7 howler monkeys
  3 centaur zombies
  6 hounds
  3 bullfrog zombies (D:12)
  9 orc priests
  3 jellies
  5 centaur skeletons
  Crazy Yiuf (D:7)
  2 bullfrog skeletons
  30 orc wizards
  5 iguanas
  11 worker ants
  A hound zombie (D:7)
  2 worker ant zombies
  6 gnolls
  15 adders
  7 shadow imps
  2 oozes (D:1)
  5 worms
  4 dart slugs
  6 leopard geckos
  71 orcs
  A ball python (D:3)
  5 bats
  4 giant cockroaches
  7 goblins
  7 hobgoblins (D:1)
  15 jackals
  5 quokkas
  4 frilled lizards
  32 kobolds
  A leopard gecko skeleton (D:7)
  7 rats
  A butterfly (Lair:6)
  A plant (Lair:6)
777 creatures vanquished.

Vanquished Creatures (collateral kills)
  2 two-headed ogres
  3 orc warriors
  An ogre (D:9)
  A killer bee (D:11)
  An orc wizard (D:9)
  A gnoll (D:9)
  An orc (D:9)
10 creatures vanquished.

Vanquished Creatures (others)
  4 humans (Lair:6)
  9 dancing weapons
  2 slaves (D:4)
  An ogre (D:4)
  A howler monkey (D:9)
  An orc wizard (Orc:2)
  A leopard gecko (D:4)
  An orc (D:8)
  A bush (D:7)
  24 fungi
  21 plants
66 creatures vanquished.

Grand Total: 853 creatures vanquished

Notes
Turn   | Place    | Note
-------+----------+-------------------------------------------
     0 | D:1      | Lugonue the Kobold Arcane Marksman began the quest for the
                  | Orb.
     0 | D:1      | Reached XP level 1. HP: 12/12 MP: 2/2
    91 | D:1      | Reached XP level 2. HP: 6/16 MP: 3/3
    94 | D:1      | Reached skill level 3 in Crossbows
   559 | D:1      | Reached XP level 3. HP: 6/20 MP: 4/4
  1504 | D:2      | Reached XP level 4. HP: 26/26 MP: 5/5
  1554 | D:2      | Noticed an ogre
  1793 | D:3      | Found a glowing drain.
  1796 | D:3      | Reached skill level 1 in Stealth
  1910 | D:3      | Noticed Sigmund
  2303 | D:4      | Noticed a phantom
  2361 | D:4      | Reached skill level 4 in Crossbows
  2361 | D:4      | Reached XP level 5. HP: 20/30 MP: 6/6
  2429 | D:4      | Killed a phantom
  2429 | D:4      | Reached skill level 1 in Short Blades
  2429 | D:4      | Reached XP level 6. HP: 19/36 MP: 7/7
  2682 | D:4      | Noticed an ogre
  2735 | D:4      | Noticed a slave
  3307 | D:3      | Killed Sigmund
  3307 | D:3      | Reached skill level 5 in Crossbows
  3307 | D:3      | Reached skill level 1 in Throwing
  3307 | D:3      | Reached XP level 7. HP: 23/40 MP: 8/8
  3527 | D:2      | Learned a level 3 spell: Tukima's Dance
  4385 | D:2      | Found a shimmering blue altar of Sif Muna.
  4512 | D:4      | Found Qutrurik's General Store.
  4518 | D:4      | Bought a +0 arbalest for 63 gold pieces
  4540 | D:4      | Found Qydeon's Book Shop.
  4541 | D:4      | Noticed Pikel
  4583 | D:4      | Killed Pikel
  4583 | D:4      | Reached skill level 5 in Stealth
  4583 | D:4      | Reached XP level 8. HP: 15/46 MP: 10/10
  4600 | D:4      | Learned a level 2 spell: Slow
  5136 | D:4      | Found Inimuit's Distillery.
  5144 | D:4      | Reached skill level 5 in Dodging
  5164 | D:4      | Bought a potion of heal wounds for 50 gold pieces
  5164 | D:4      | Bought a potion of curing for 30 gold pieces
  5267 | D:4      | Found Yvvedghecs's Jewellery Shop.
  5594 | D:5      | Entered Level 5 of the Dungeon
  5708 | D:5      | You fall into a shaft and drop 2 floors!
  5782 | D:7      | Reached XP level 9. HP: 31/52 MP: 10/12
  5786 | D:7      | Reached skill level 5 in Short Blades
  6049 | D:7      | Reached skill level 1 in Bows
  6488 | D:7      | Got a pair of encrusted boots
  6494 | D:7      | Identified the cursed +0 pair of boots of Snakes and
                  | Ladders {Int+5 SInv} (You found it on level 7 of the
                  | Dungeon)
  6737 | D:7      | Noticed Dowan
  6740 | D:7      | Noticed Duvessa
  6936 | D:6      | Found a staircase to the Ecumenical Temple.
  6956 | Temple   | Entered the Ecumenical Temple
  7008 | Temple   | Became a worshipper of Warmaster Okawaru
  7195 | D:7      | Reached skill level 5 in Fighting
  7223 | D:7      | Killed Duvessa
  7559 | D:7      | Killed Dowan
  7795 | D:7      | Reached XP level 10. HP: 59/59 MP: 13/13
  7878 | D:7      | Reached * piety under Okawaru
  8059 | D:7      | Found a runed translucent door.
  8060 | D:7      | Noticed Crazy Yiuf
  8287 | D:7      | Killed Crazy Yiuf
  8676 | D:6      | Reached skill level 5 in Bows
  8899 | D:6      | Found a shimmering altar of Xom.
  8901 | D:6      | Found a stormy altar of Qazlal.
  9361 | D:5      | Found a white marble altar of Elyvilon.
  9889 | D:5      | Learned a level 4 spell: Cause Fear
 10759 | D:9      | Noticed Maggie
 10761 | D:9      | Noticed Joseph
 11067 | D:8      | Killed Joseph
 11203 | D:9      | Killed Maggie
 11435 | D:9      | Noticed Psyche
 11438 | D:9      | Reached skill level 10 in Stealth
 11439 | D:9      | Killed Psyche
 11439 | D:9      | Reached ** piety under Okawaru
 11670 | D:9      | Reached XP level 11. HP: 43/64 MP: 3/16
 11724 | D:9      | Noticed a two-headed ogre
 11771 | D:9      | Killed a two-headed ogre
 11771 | D:9      | Reached skill level 5 in Throwing
 11771 | D:9      | Reached skill level 5 in Hexes
 12027 | D:9      | Found a staircase to the Orcish Mines.
 12027 | D:9      | Found Bessegi's Weapon Shop.
 12422 | D:9      | Reached *** piety under Okawaru
 12425 | D:9      | HP: 3/64 [orc warrior (16)]
 12785 | D:9      | Bought 13 bolts for 36 gold pieces
 13153 | D:10     | Entered Level 10 of the Dungeon
 13582 | D:10     | Reached skill level 6 in Crossbows
 13813 | D:10     | Received a gift from Okawaru
 14236 | D:10     | Reached **** piety under Okawaru
 14545 | D:10     | Reached skill level 7 in Crossbows
 14891 | D:10     | Received a gift from Okawaru
 15079 | D:10     | Reached skill level 8 in Crossbows
 15291 | D:11     | Found a staircase to the Lair.
 15291 | D:11     | Noticed an elephant
 15296 | D:11     | Noticed a green ugly thing
 15303 | D:11     | Killed an elephant
 15313 | D:11     | Reached XP level 12. HP: 45/71 MP: 14/19
 15758 | D:11     | Reached ***** piety under Okawaru
 15791 | D:11     | Noticed an unseen horror
 15810 | D:11     | Killed an unseen horror
 15810 | D:11     | Reached skill level 5 in Spellcasting
 15869 | Lair:1   | Entered Level 1 of the Lair of Beasts
 15909 | Lair:1   | Learned a level 3 spell: Ozocubu's Armour
 16016 | Lair:1   | Reached skill level 9 in Crossbows
 16528 | Lair:1   | Identified a scroll of acquirement
 16581 | D:11     | Learned a level 2 spell: Ensorcelled Hibernation
 17184 | D:12     | Noticed a two-headed ogre
 17201 | D:12     | Killed a two-headed ogre
 17201 | D:12     | Received a gift from Okawaru
 17411 | D:12     | Found Rara's Gadget Shop.
 17461 | D:12     | Paralysed by a hornet for 3 turns
 17766 | D:12     | Reached skill level 1 in Ice Magic
 17799 | D:12     | Noticed an unseen horror
 17806 | D:12     | Killed an unseen horror
 17806 | D:12     | Received a gift from Okawaru
 17806 | D:12     | Reached skill level 10 in Crossbows
 17885 | D:12     | Noticed a fire crab
 17890 | D:12     | Killed a fire crab
 17890 | D:12     | Received a gift from Okawaru
 17928 | D:12     | Noticed a seven-headed hydra
 17998 | D:12     | Killed a seven-headed hydra
 18625 | D:13     | Noticed Josephine
 18639 | D:13     | Killed Josephine
 18639 | D:13     | Reached skill level 1 in Evocations
 18639 | D:13     | Reached XP level 13. HP: 39/78 MP: 19/22
 18706 | D:13     | Received a gift from Okawaru
 18744 | D:13     | Found a runed translucent gate.
 18917 | D:13     | Found a runed translucent gate.
 19265 | D:13     | Noticed a minotaur
 19269 | D:13     | Noticed Cusualon's ghost (journeyman DrSk)
 19294 | D:13     | Found a runed translucent gate.
 20001 | D:13     | Noticed a centaur warrior
 20210 | D:14     | Found Huocsune's Distillery.
 20287 | D:14     | Noticed a centaur warrior
 20306 | D:15     | Entered Level 15 of the Dungeon
 20894 | D:15     | Upgraded the game from 0.25-a0-589-g1e14c549ee to
                  | 0.25-a0-591-g2ad0d861f1
 21115 | D:15     | Received a gift from Okawaru
 21258 | D:15     | Learned a level 3 spell: Dazzling Flash
 21274 | D:15     | Found a runed translucent door.
 21285 | D:15     | Found a runed translucent door.
 21345 | D:15     | Received a gift from Okawaru
 21414 | D:15     | Noticed a centaur warrior
 21493 | D:14     | Found a stormy altar of Qazlal.
 21502 | D:14     | Noticed a centaur warrior
 21854 | D:14     | Noticed Louise
 22014 | D:15     | Killed a centaur warrior
 22014 | D:15     | Received a gift from Okawaru
 22049 | D:15     | Noticed a centaur warrior
 22060 | D:15     | Killed a centaur warrior
 22684 | D:15     | Found a runed translucent door.
 22690 | D:15     | Noticed an ettin
 22708 | D:15     | Killed an ettin
 22708 | D:15     | Received a gift from Okawaru
 22742 | D:15     | Found a runed translucent door.
 22769 | D:15     | Noticed a catoblepas
 22787 | D:15     | Killed a catoblepas
 22862 | D:15     | Found a staircase to the Depths.
 23754 | D:14     | Found Naemi's Armour Emporium.
 23778 | D:14     | Found Paoxil's Magic Scroll Shoppe.
 23789 | D:14     | Killed a centaur warrior
 23789 | D:14     | Reached ****** piety under Okawaru
 23789 | D:14     | Reached skill level 11 in Crossbows
 23789 | D:14     | Reached XP level 14. HP: 55/86 MP: 25/25
 23797 | D:14     | Bought a scroll of teleportation for 57 gold pieces
 23797 | D:14     | Bought a scroll of teleportation for 57 gold pieces
 24228 | D:14     | Killed Louise
 24242 | D:14     | Received a gift from Okawaru
 24430 | D:14     | Reached skill level 12 in Crossbows
 24529 | D:14     | Found a gate to the Vaults.
 24544 | D:14     | Found Saqugux's Armour Boutique.
 25232 | Lair:2   | Found a staircase to the Swamp.
 25956 | Lair:3   | Reached skill level 13 in Crossbows
 26036 | Lair:3   | Received a gift from Okawaru
 26433 | Lair:3   | Received a gift from Okawaru
 26564 | Lair:3   | Reached skill level 14 in Crossbows
 26583 | Lair:3   | Received a gift from Okawaru
 26942 | Lair:3   | Received a gift from Okawaru
 28146 | Lair:3   | Reached skill level 15 in Crossbows
 28523 | Lair:4   | Received a gift from Okawaru
 28534 | Lair:4   | Got a transparent buckler {god gift}
 28547 | Lair:4   | Identified the +0 buckler "Olleckem" {rPois Int-3 Dex+3
                  | Slay+2} (Okawaru gifted it to you on level 4 of the Lair of
                  | Beasts)
 28647 | Lair:4   | Reached XP level 15. HP: 60/90 MP: 10/26
 28679 | Lair:4   | Found a hole to the Spider Nest.
 28946 | Lair:4   | Reached skill level 16 in Crossbows
 29578 | Lair:5   | Found a staircase to the Slime Pits.
 30311 | Lair:6   | Entered Level 6 of the Lair of Beasts
 30658 | D:4      | Bought a Young Poisoner's Handbook for 440 gold pieces
 30663 | D:4      | Learned a level 4 spell: Olgreb's Toxic Radiance
 30667 | D:4      | Learned a level 3 spell: Ignite Poison
 31024 | Lair:6   | Noticed Sonja
 31033 | Lair:6   | Killed Sonja
 31113 | Lair:6   | Found a runed translucent door.
 31113 | Lair:6   | Noticed Evashark's ghost (journeyman DrMo)
 31114 | Lair:6   | Identified the +4 trident of Paexzin {flame, rC++}
 31135 | Lair:6   | Reached skill level 17 in Crossbows
 31388 | Lair:6   | Noticed Kirke
 31697 | Lair:6   | Killed Kirke
 31697 | Lair:6   | Received a gift from Okawaru
 32241 | Lair:6   | Reached skill level 18 in Crossbows
 32625 | Lair:6   | Learned a level 6 spell: Ozocubu's Refrigeration
 32802 | Lair:6   | Reached skill level 1 in Poison Magic
 32873 | Lair:6   | Received a gift from Okawaru
 34454 | D:4      | Bought a scroll of enchant armour for 105 gold pieces
 34454 | D:4      | Bought a scroll of identify for 28 gold pieces
 34454 | D:4      | Bought a scroll of teleportation for 42 gold pieces
 34572 | Lair:1   | Learned a level 3 spell: Mephitic Cloud
 34674 | Orc:1    | Entered Level 1 of the Orcish Mines
 34794 | Orc:1    | Noticed an orc warlord
 34819 | Orc:1    | Killed an orc warlord
 34957 | Orc:2    | Entered Level 2 of the Orcish Mines
 34957 | Orc:2    | Found a staircase to the Elven Halls.
 35051 | Orc:2    | Reached XP level 16. HP: 96/96 MP: 20/29
 35365 | Orc:2    | Found Veakko's Book Boutique.
 35410 | Orc:2    | Found an ancient bone altar of Kikubaaqudgha.
 35416 | Orc:2    | Reached skill level 5 in Poison Magic
 35429 | Orc:2    | Found Ocus's Magic Scroll Boutique.
 35483 | Orc:2    | Found a radiant altar of Vehumet.
 35499 | Orc:2    | Bought a scroll of teleportation for 39 gold pieces
 35499 | Orc:2    | Bought a scroll of teleportation for 39 gold pieces
 35530 | Orc:2    | Paralysed by an orc sorcerer for 6 turns
 35586 | Orc:2    | Found a roughly hewn altar of Beogh.
 35586 | Orc:2    | Found Guekliarif's Book Boutique.
 35586 | Orc:2    | Found Dewamin's Antique Weapon Shop.
 35768 | Orc:2    | Received a gift from Okawaru
 36248 | Swamp:1  | Entered Level 1 of the Swamp
 36374 | Swamp:1  | Received a gift from Okawaru
 36377 | Swamp:1  | Got a bloodstained rapier {god gift}
 36378 | Swamp:1  | Identified the +6 rapier of Yvokkauf {pain, rN+} (Okawaru
                  | gifted it to you on level 1 of the Swamp)
 36416 | Swamp:1  | Reached skill level 10 in Spellcasting
 36433 | Swamp:1  | Reached skill level 1 in Armour
 37885 | Swamp:2  | Reached skill level 5 in Ice Magic
 38762 | Swamp:2  | Noticed a thorn hunter
 38804 | Swamp:2  | Killed a thorn hunter
 38804 | Swamp:2  | Received a gift from Okawaru
 38804 | Swamp:2  | Reached skill level 5 in Armour
 40025 | Swamp:3  | Reached XP level 17. HP: 97/100 MP: 23/31
 40503 | Swamp:3  | Received a gift from Okawaru
 40526 | Swamp:3  | Got a pair of polished boots {god gift}
 40577 | Swamp:3  | Identified the +1 pair of boots of Boiling Hail {Stlth+}
                  | (Okawaru gifted it to you on level 3 of the Swamp)
 40589 | Swamp:3  | Paralysed by a hornet for 3 turns
 40595 | Swamp:3  | HP: 3/100 [spriggan rider/+0 spear (15)]
 40595 | Swamp:3  | Mangled by a hornet

Levels and vault maps discovered:
D:1:      minmay_arrival_wavy_path, layout_basic
D:2:      layout_rooms, lemuel_blue_sif_altar, fountainhead
D:3:      layout_loops_ring, cheibrodos_sewer_entry_drain, first_ration,
          minmay_door_square, uniq_sigmund
D:4:      layout_basic, serial_shops, shop, shop, shop,
          nicolae_shop_statue_plus, uniq_pikel
D:5:      layout_basic, marbit_many_paths
D:6:      layout_cave_pools, gammafunk_temple_overflow_statue, temple_fountains
D:7:      layout_loops_ring, nicolae_ossuary_entry_plus,
          uniq_crazy_yiuf_cottage, uniq_duvessa
D:8:      layout_gridville
D:9:      layout_small_grid, orc_david_3, uniq_maggie, uniq_psyche, uniq_joseph
D:10:     layout_basic, grunt_livestock, grunt_decor_resistance
D:11:     layout_big_octagon, david_lair_generic, grunt_tough_drop
D:12:     layout_irregular_city, serial_shops,
          nicolae_shop_temple_entry_statues_fountains, serial_rivers,
          chequers_serial_rivers_micro_b, chequers_serial_rivers_small_3,
          chequers_serial_rivers_micro_e, chequers_serial_rivers_marsh,
          chequers_serial_rivers_micro_c, chequers_serial_rivers_marsh
D:13:     layout_roguey, maelrawn_ghost_gauntlet_escape, uniq_josephine
D:14:     layout_irregular_city, david_vaults_1, serial_shops, shop_coins, shop,
          nicolae_shop_behind_doors, shop_fountains, solitary_fountain,
          nicolae_qazlal_style_of_elements, uniq_louise
D:15:     hangedman_depths_entry_civil_slaughter, layout_layer_cave,
          minmay_strange_pillars, minmay_statue_crystal_thing
Temple:   hc_temple_tempest_star
Lair:1:   layout_concentric_octagons
Lair:2:   layout_cave_shapes, minmay_swamp_entry_worms
Lair:3:   layout_cave_pods
Lair:4:   layout_gridlike, spider_nest_entry_a, special_room
          [special_room_mythical_zoo]
Lair:5:   layout_regular_city, minmay_slime_entry_oklob_open,
          lemuel_fruit_fields, grunt_megastairs_3
Lair:6:   due_jungle_book, layout_regular_city, ebering_ghost_funeral_grove,
          columned_hall_lemuel, serial_bayou_shore_b,
          infiniplex_staircase_pool_2, lemuel_fruit_fields,
          serial_bayou_shore_a, uniq_sonja, uniq_kirke
Swamp:1:  layout_basic_swamp, serial_swamp_ruin, evilmike_swamp_ruin_rubble_2,
          evilmike_swamp_ruin_house_4, evilmike_swamp_ruin_house_1
Swamp:2:  layout_falls_marsh, evilmike_swamp_ruin_house_5, swamp_pool5
Swamp:3:  layout_basic_swamp, infiniplex_staircase_pool
Orc:1:    layout_caves
Orc:2:    kennysheep_orc_mage_school, layout_caves

Skill      XL: |  1  2  3  4  5  6  7  8  9 10 11 12 13 14 15 16 17 |
---------------+----------------------------------------------------+-----
Crossbows      | 3 4 5 8 10 11 15 18 | 18.0
Stealth        | 1 2 3 5 6 8 10 | 10.0
Fighting       | 2 3 5 6 8 9 |  9.2
Dodging        | 3 4 5 6 7 8 |  8.8
Short Blades   | 1 2 4 5 6 7 8 9 |  9.4
Throwing       | 1 2 3 4 5 6 |  6.1
Spellcasting   | 2 3 4 6 7 9 10 | 10.0
Bows           | 4 6 7 8 |  8.7
Hexes          | 4 6 7 8 |  8.3
Ice Magic      | 1 2 4 5 7 |  7.9
Evocations     | 1 |  1.0
Poison Magic   | 4 7 |  7.0
Armour         | 6 7 |  7.0
Shields        | |  0.1
Conjurations   | |  0.3
Charms         | |  0.2
Invocations    | |  0.4

Action                   |  1- 3 |  4- 6 |  7- 9 | 10-12 | 13-15 | 16-18 || total
-------------------------+-------+-------+-------+-------+-------+-------++-------
Melee: Short sword       |    53 |    97 |   184 |       |       |       ||   334
       Rapier            |       |       |    28 |   453 |   422 |   115 ||  1018
       Dagger            |       |       |       |    37 |     8 |       ||    45
 Fire: Hand crossbow     |    55 |    54 |    18 |       |       |       ||   127
       Arbalest          |       |       |     9 |   296 |   758 |   399 ||  1462
       Shortbow          |       |       |   182 |   247 |   177 |    59 ||   665
Throw: Dart              |       |    16 |    70 |   118 |     6 |       ||   210
 Cast: Tukima's Dance    |       |       |     6 |    17 |    12 |       ||    35
       Slow              |       |       |    16 |    87 |    63 |    27 ||   193
       Corona            |       |       |     1 |       |       |       ||     1
       Cause Fear        |       |       |       |     6 |    12 |    14 ||    32
       Ensorcelled Hiber |       |       |       |    12 |    29 |     5 ||    46
       Dazzling Flash    |       |       |       |       |    79 |       ||    79
       Ozocubu's Armour  |       |       |       |       |    22 |       ||    22
       Olgreb's Toxic Ra |       |       |       |       |    13 |    19 ||    32
       Ignite Poison     |       |       |       |       |     7 |    20 ||    27
       Mephitic Cloud    |       |       |       |       |     1 |    10 ||    11
Invok: Heroism           |       |       |       |     1 |     7 |     6 ||    14
Evoke: Wand              |       |       |     9 |     7 |    13 |     3 ||    32
       Lightning rod     |       |       |       |       |     1 |       ||     1
  Use: Scroll            |       |     1 |     7 |    16 |    21 |     8 ||    53
       Potion            |       |     1 |     5 |     5 |     6 |     5 ||    22
 Stab: Sleeping          |     1 |     2 |    10 |    26 |    22 |     4 ||    65
       Paralysed         |       |       |     3 |       |       |       ||     3
       Confused          |       |       |       |     7 |       |       ||     7
       Distracted        |       |       |       |     1 |     2 |       ||     3
       Invisible         |       |       |       |       |    19 |       ||    19
  Eat: Chunk             |     6 |     9 |    13 |    39 |    49 |    26 ||   142
Armor: Robe              |    14 |    17 |    60 |    50 |       |       ||   141
       Steam dragon scal |       |       |       |   128 |   228 |    16 ||   372
       Swamp dragon scal |       |       |       |       |       |    65 ||    65
Dodge: Dodged            |    76 |   110 |   257 |   629 |   896 |   228 ||  2196
Block: Other             |       |       |    12 |    96 |   106 |    38 ||   252
       Reflection        |       |       |     1 |     7 |     7 |     1 ||    16
       Buckler           |       |       |       |       |    10 |       ||    10

Table legend:
 A = Non-vault XP
 B = Vault XP
 C = Vault XP percentage of total XP
 D = Non-vault monster count
 E = Vault monster count
 F = Vault count percentage of total count
                 A         B        C        D         E       F
            +---------+---------+-------+---------+---------+-------
      Total |  122719 |   37061 |  23.2 |     670 |     118 |  15.0
            +---------+---------+-------+---------+---------+-------
        D:1 |      60 |       0 |   0.0 |      27 |       0 |   0.0
        D:2 |     216 |       0 |   0.0 |      17 |       0 |   0.0
        D:3 |      57 |     242 |  80.9 |      15 |       3 |  16.7
        D:4 |     459 |     550 |  54.5 |      15 |       1 |   6.2
        D:5 |     447 |      47 |   9.5 |      21 |       1 |   4.5
        D:6 |     811 |       0 |   0.0 |      17 |       0 |   0.0
        D:7 |    2031 |     262 |  11.4 |      38 |       3 |   7.3
        D:8 |     871 |     419 |  32.5 |      27 |       1 |   3.6
        D:9 |    2390 |    1239 |  34.1 |      31 |       9 |  22.5
       D:10 |    3406 |     856 |  20.1 |      43 |       5 |  10.4
       D:11 |    3464 |     690 |  16.6 |      23 |       4 |  14.8
       D:12 |    5227 |       0 |   0.0 |      36 |       0 |   0.0
       D:13 |    3305 |    1865 |  36.1 |      19 |       5 |  20.8
       D:14 |    5260 |    2948 |  35.9 |      22 |       3 |  12.0
       D:15 |    7854 |    4746 |  37.7 |      26 |       6 |  18.8
     Lair:1 |    1685 |       0 |   0.0 |       9 |       0 |   0.0
     Lair:2 |    2538 |     294 |  10.4 |      11 |       1 |   8.3
     Lair:3 |   10404 |     444 |   4.1 |      40 |       2 |   4.8
     Lair:4 |    3548 |    6175 |  63.5 |      16 |      24 |  60.0
     Lair:5 |    1127 |    1882 |  62.5 |       6 |       4 |  40.0
     Lair:6 |   18870 |    6128 |  24.5 |      49 |       9 |  15.5
    Swamp:1 |   12016 |       0 |   0.0 |      33 |       0 |   0.0
    Swamp:2 |   11363 |     391 |   3.3 |      23 |       3 |  11.5
    Swamp:3 |   17799 |       0 |   0.0 |      40 |       0 |   0.0
      Orc:1 |    4303 |       0 |   0.0 |      36 |       0 |   0.0
      Orc:2 |    3208 |    7883 |  71.1 |      30 |      34 |  53.1
            +---------+---------+-------+---------+---------+-------
